 Dungeon Crawl Stone Soup version 0.30-a0-266-g2b27a225a3 (webtiles) character file.

Game seed: 370681503899526353

26 MrRokkomies the Sneak (level 2, -4/27 HPs)
             Began as an Armataur Delver on Oct 14, 2022.
             Slain by Sigmund
             ... wielding a +2 vorpal scythe
              (10 damage)
             ... on level 3 of the Dungeon.
             The game lasted 00:01:27 (232 turns).

MrRokkomies the Sneak (Armataur Delver)              Turns: 232, Time: 00:01:28

Health: -4/27      AC:  6    Str: 17    XL:     2   Next: 89%
Magic:  2/2        EV:  7    Int: 10    God:
Gold:   41         SH:  0    Dex: 11    Spells: 1/1 levels left

rFire   . . .      SeeInvis .    k - +0 flail
rCold   . . .      Faith    .    (no shield)
rNeg    . . .      Spirit   .    i - +0 scale mail
rPois   .          Reflect  .    (no helmet)
rElec   .          Harm     .    (no cloak)
rCorr   .          Roll     +    (no gloves)
Will    .....                    (no barding)
Stlth   ++........               (no amulet)
HPRegen 0.24/turn                (no ring)
MPRegen 0.08/turn                (no ring)

@: brilliant
A: large, rugged brown scales 3, deformed body, armoured tail, roll, long
tongue, awkward tongue
a: no special abilities


You were on level 3 of the Dungeon.
You visited 1 branch of the dungeon, and saw 3 of its levels.

You collected 41 gold pieces.

Inventory:

Hand Weapons
 a - a +0 mace
 k - a +0 flail (weapon)
Armour
 b - a +0 leather armour
 i - a +0 scale mail (worn)
Wands
 g - a wand of digging (3)
Scrolls
 c - a scroll of fog
 d - a scroll of magic mapping
 h - a scroll of noise {unknown}
 l - a scroll of vulnerability {unknown}
Potions
 f - 3 potions of haste


   Skills:
 * Level 3.1 Fighting
 - Level 1.7 Maces & Flails
 * Level 1.8 Armour
 - Level 1.3 Dodging
 + Level 5.7 Stealth


You had one spell level left.
You didn't know any spells.
Your spell library was empty.

Dungeon Overview and Level Annotations

Branches:
Dungeon (5/15)
 Temple: D:4-7

Altars:

Annotations:
D:3 Sigmund


Innate Abilities, Weirdness & Mutations

You are completely covered in rugged brown scales. (AC +3, +7% HP)
Armour fits poorly on your strangely shaped body.
You have a long armoured tail.
You roll when moving toward enemies. (Rampage)
Your long tongue fully drains potion bottles. (2x potion effects)
Your tongue gives you trouble enunciating. (1.5x scroll delay)


Message History

Sigmund shouts!
Sigmund laughs darkly.
Found a black potion and 11 gold pieces.
The endoplasm quivers.
Sigmund casts a spell.
Sigmund flickers and vanishes!
Deactivating autopickup; reactivate with Ctrl-A.
You roll towards the endoplasm!
You hit the endoplasm.
The endoplasm is lightly wounded.
Something hits you but does no damage. The endoplasm freezes you.
You are frozen.
The endoplasm closely misses you. The endoplasm attacks as you move away!
The endoplasm completely misses you.
Found 9 gold pieces.
You see here a scroll labelled NOHAXA NYHEHAI.
l - a scroll labelled NOHAXA NYHEHAI The endoplasm hits you but does no damage.
The endoplasm attacks as you move away!
The endoplasm hits you but does no damage.
The endoplasm attacks as you move away! The endoplasm hits you.
You see here 9 gold pieces.
You now have 41 gold pieces (gained 9).
The endoplasm hits you but does no damage.
The endoplasm attacks as you move away!
The endoplasm hits you but does no damage.
The endoplasm attacks as you move away!
The endoplasm hits you but does no damage.
You are confused.
You barely miss the endoplasm. The endoplasm hits you.
You hit the endoplasm. You tail-slap the endoplasm.
You kill the endoplasm!
Something hits you but does no damage.
You bump into the rock wall.
Something hits you.
You bump into the rock wall.
Something hits you!
* * * LOW HITPOINT WARNING * * *
x2 It was a potion of brilliance.
You feel clever all of a sudden.
You feel less confused.
It was a potion of magic.
Magic courses through your body. Something hits you!
You die...

#####.........
##............
...............
#........# #.. ##
#........# #.. #.
##........###.# #.####.
###.........##...
#......##...###.....#....
........@{### #.####.>...
......##### #.# #.....
##### ..# #..... #.##
#..... ..#####.....
.....!....... ######)....
#..... #.....


There were no monsters in sight!

Vanquished Creatures
  An adder (D:5)
  3 orcs (D:3)
  2 endoplasms (D:3)
  A giant cockroach (D:3)
  4 jackals (D:4)
  2 ball pythons (D:3)
13 creatures vanquished.

Notes
Turn   | Place    | Note
-------+----------+-------------------------------------------
     0 | D:5      | MrRokkomies the Armataur Delver began the quest for the
                  | Orb.
     0 | D:5      | Reached XP level 1. HP: 19/19 MP: 1/1
    11 | D:5      | Noticed a hound
    19 | D:5      | Reached skill level 1 in Armour
    19 | D:5      | Reached XP level 2. HP: 14/26 MP: 2/2
   201 | D:3      | Noticed Sigmund
   232 | D:3      | Slain by Sigmund

Illustrated notes

Levels and vault maps discovered:
D:3:      layout_rooms, uniq_sigmund
D:4:      layout_gridville, lemuel_crystal_altar, enter_ossuary_3,
          kennysheep_nub
D:5:      layout_cave_pools, grunt_gozag_breadcrumbs, kennysheep_cross_room

Skill      XL: |  1  2 |
---------------+-------+-----
Armour         | 1 |  1.8
Fighting       | 3 |  3.1
Maces & Flails | |  1.7
Dodging        | |  1.3
Stealth        | |  5.7

Action                   || total
-------------------------++-------
Melee: Mace              ||    23
       Flail             ||     7
       Tailslap          ||     5
  Use: Scroll            ||     2
       Potion            ||     2
Armor: Leather armour    ||     4
       Scale mail        ||    14
Dodge: Dodged            ||    19

Table legend: (Time is in decaauts)
 A = Elapsed time spent in this place.
 B = Non-inter-level travel time spent in this place.
 C = Inter-level travel time spent in this place.
 D = Time resting spent in this place.
 E = Time spent auto-exploring this place.
 F = Levels seen in this place.
 G = Mean time per level.
                   A        B        C        D        E       F      G
               +--------+--------+--------+--------+--------+-----+--------+
         Total |    241 |    241 |      0 |     41 |     18 |   3 |   80.3 |
       Dungeon |    241 |    241 |      0 |     41 |     18 |   3 |   80.3 |
               +--------+--------+--------+--------+--------+-----+--------+

Top non-repeatable levels by time:
     D:4: 129 daAuts
     D:3: 86 daAuts
     D:5: 25 daAuts
